[Event "Team 45 45 League T49"]
[Site "Internet Chess Club"]
[Date "2011.06.11"]
[Round "5"]
[White "Mobtaker"]
[Black "zap2"]
[Result "0-1"]
[WhiteElo "1594"]
[BlackElo "1786"]
[Opening "KP: Nimzovich defense"]
[ECO "B00"]
[Time "12:08:30"]
[TimeControl "2700+45"]

1. e4 Nc6 2. d4 d5 3. e5 Bf5 4. c3 a6 5. Bd3 Qd7 6. Ne2 h5 7. Bxf5 Qxf5 8. Qb3
O-O-O 9. a4 h4 10. Na3 h3 11. g3 Qf3 12. Rg1 e6 13. Be3 g6 14. Qd1 Bh6 15. Bxh6
Nxh6 16. Qd2 Ng4 17. Nf4 Nxh2 18. Qe2 g5 19. Nd3 g4 20. Nc5 Rde8 21. Qc2 f5 22.
b4 b6 23. Nxa6 Qe4+ 24. Qxe4 fxe4 25. Ke2 Ref8 26. b5 Na5 27. Rac1 Rf7 28. c4
Nb3 29. Rc3 Nxd4+ 30. Ke3 Nf5+ 31. Ke2 d4 32. Rcc1 d3+ 33. Kd2 Nf3+ 34. Kc3 Nxg1
{White resigns} 0-1

[Event "Team 45 45 League T49"]
[Site "Internet Chess Club"]
[Date "2011.06.14"]
[Round "5"]
[White "playwaycool"]
[Black "filiusdextris"]
[Result "1-0"]
[WhiteElo "2131"]
[BlackElo "2089"]
[Opening "Robatsch (modern) defense"]
[ECO "A40"]
[Time "19:13:55"]
[TimeControl "2700+45"]

1. d4 g6 2. e4 Bg7 3. h4 h5 4. Bc4 c6 5. Qf3 e6 6. e5 d6 7. Nc3 dxe5 8. dxe5
Bxe5 9. Bg5 f6 10. Rd1 Qb6 11. Qd3 fxg5 12. Qxg6+ Kf8 13. Bxe6 Bxe6 14. Qxe6
Bxc3+ 15. bxc3 Rh6 16. Qc8+ Kf7 17. hxg5 Re6+ 18. Ne2 Qb5 19. g6+ Kf6 20. Qf8+
Kg5 21. f4+ Kg4 22. O-O Qxe2 23. Rde1 Qc4 24. Qxg8 Qc5+ 25. Kh1 Rxe1 26. Rxe1
Qf5 27. g7 Qxf4 28. Qe6+ {Black resigns} 1-0

[Event "Team 45 45 League T49"]
[Site "Internet Chess Club"]
[Date "2011.06.12"]
[Round "5"]
[White "mickeys"]
[Black "saychess"]
[Result "0-1"]
[WhiteElo "1994"]
[BlackElo "2114"]
[Opening "Queen's bishop game"]
[ECO "D02"]
[Time "18:01:12"]
[TimeControl "2700+45"]

1. d4 d5 2. Nf3 Nf6 3. Bf4 c5 4. e3 Nc6 5. h3 Ne4 6. c3 Qb6 7. Qc2 Bf5 8. Nh4
Be6 9. Nd2 cxd4 10. exd4 Rc8 11. Qb3 Qxb3 12. Nxb3 g5 13. f3 gxf4 14. fxe4 dxe4
15. Nc5 Bd5 16. g4 fxg3 17. Bg2 e6 18. Bxe4 Bxc5 19. Bxd5 Nxd4 20. Be4 Nc6 21.
O-O-O f5 22. Bf3 Be7 23. Ng2 Bg5+ 24. Kb1 e5 25. Bd5 Ke7 26. Rhe1 e4 27. Rf1
Rhf8 28. Rde1 Kd6 29. Bb3 Ne5 30. Bc2 Nf3 31. Rd1+ Kc7 32. Ka1 Rcd8 33. Bb3 Nd2
34. Rfe1 Nxb3+ 35. axb3 Rxd1+ 36. Rxd1 f4 {White resigns} 0-1

[Event "Team 45 45 League T49"]
[Site "Internet Chess Club"]
[Date "2011.06.13"]
[Round "5"]
[White "carokantor"]
[Black "VietLion"]
[Result "1-0"]
[WhiteElo "1944"]
[BlackElo "1913"]
[Opening "Caro-Kann: advance variation"]
[ECO "B12"]
[Time "17:02:27"]
[TimeControl "2700+45"]

1. e4 c6 2. d4 d5 3. e5 Bf5 4. Nf3 e6 5. Be2 c5 6. c3 Nc6 7. Qb3 Qc7 8. O-O Nh6
9. Bf4 Bxb1 10. Raxb1 Nf5 11. Rfd1 h6 12. g4 Nfe7 13. dxc5 Ng6 14. Bg3 Bxc5 15.
c4 dxc4 16. Qxc4 Be7 17. Bd3 O-O-O 18. Bxg6 fxg6 19. Qxe6+ Kb8 20. Qxg6 Ka8 21.
Rbc1 Rhf8 22. Nd4 Bg5 23. Ne6 Qf7 24. Rxd8+ Bxd8 25. Nxf8 Qxf8 26. Rxc6 {Black
resigns} 1-0

[Event "Team 45 45 League T49"]
[Site "Internet Chess Club"]
[Date "2011.06.11"]
[Round "5"]
[White "andrew32"]
[Black "DaveF"]
[Result "1-0"]
[WhiteElo "1630"]
[BlackElo "1474"]
[Opening "Caro-Kann: Panov-Botvinnik attack, 5...e6"]
[ECO "B14"]
[Time "10:07:00"]
[TimeControl "2700+45"]

1. e4 c6 2. c4 d5 3. exd5 cxd5 4. d4 Nf6 5. Nc3 e6 6. Nf3 Be7 7. c5 O-O 8. Bd3
b6 9. b4 a5 10. Na4 axb4 11. Nxb6 Ra7 12. Ne5 Nfd7 13. Qh5 g6 14. Qf3 Nxe5 15.
dxe5 Bxc5 16. Nxc8 Qxc8 17. Bh6 Bd4 18. Rc1 Bc3+ 19. Kf1 Nd7 20. Bxf8 Qxf8 21.
Qe3 Rxa2 22. f4 Qc8 23. h4 Nc5 24. Bb1 Rb2 25. h5 Qa6+ 26. Kg1 Nb3 27. Bd3 Qa3
28. Qb6 Bd4+ 29. Qxd4 Nxd4 30. Rc8+ Kg7 31. h6# {Black checkmated} 1-0

[Event "Team 45 45 League T49"]
[Site "Internet Chess Club"]
[Date "2011.06.10"]
[Round "5"]
[White "Cadaz"]
[Black "Andressa"]
[Result "1-0"]
[WhiteElo "1477"]
[BlackElo "1428"]
[Opening "Ruy Lopez: old Steinitz defense"]
[ECO "C62"]
[Time "10:00:57"]
[TimeControl "2700+45"]

1. e4 e5 2. Nf3 Nc6 3. Bb5 d6 4. d4 a6 5. Bxc6+ bxc6 6. dxe5 Be7 7. exd6 Qxd6 8.
Qxd6 cxd6 9. Bf4 Nf6 10. Nc3 O-O 11. O-O-O Rd8 12. e5 dxe5 13. Rxd8+ Bxd8 14.
Bxe5 Ng4 15. Bd4 Be6 16. h3 Nf6 17. Rd1 Nd5 18. Nxd5 Bxd5 19. a3 f6 20. Ne1 Bc7
21. g3 Re8 22. Nd3 a5 23. b4 h5 24. Kd2 Kf7 25. Rb1 g5 26. Re1 Ra8 27. Bc5 Kg6
28. Re7 Rc8 29. Ne1 f5 30. Kd3 Be4+ 31. Ke3 g4 32. h4 Kf6 33. c4 Bd8 34. Rd7 Ke6
35. Rd6+ Kf7 36. Nd3 axb4 37. Ne5+ Ke8 38. Re6+ Be7 39. Rxe7+ Kd8 40. Nf7#
{Black checkmated} 1-0

[Event "Team 45 45 League T49"]
[Site "Internet Chess Club"]
[Date "2011.06.12"]
[Round "5"]
[White "Juan73"]
[Black "mrneale"]
[Result "1-0"]
[WhiteElo "1696"]
[BlackElo "1409"]
[Opening "Sicilian: closed, 2...Nc6"]
[ECO "B23"]
[Time "19:00:29"]
[TimeControl "2700+45"]

1. e4 c5 2. Nc3 Nc6 3. Nf3 g6 4. Bc4 Bg7 5. d3 e6 6. Be3 b6 7. Qd2 Nge7 8. Bh6
O-O 9. Bxg7 Kxg7 10. h4 h5 11. Qf4 d6 12. e5 dxe5 13. Nxe5 Nd4 14. Kd2 Bb7 15.
Ne4 f5 16. Ng5 Bd5 17. Bxd5 Qxd5 18. c3 Ndc6 19. Nxc6 Qxc6 20. Qe5+ Rf6 21. Rae1
Re8 22. Nxe6+ Qxe6 23. Qxe6 Rxe6 24. Rxe6 c4 25. Rhe1 Kf7 26. d4 a5 27. d5 Kf8
28. d6 Rd8 29. Rxe7 Rxd6+ 30. Kc2 b5 31. Rb7 b4 32. cxb4 axb4 33. Rd1 b3+ 34.
axb3 cxb3+ 35. Rxb3 Rc6+ 36. Rc3 Re6 37. Rd8+ Ke7 38. Rcd3 Re2+ 39. Rd2 Re6 40.
f4 Rc6+ 41. Kb3 Rb6+ 42. Ka4 Re6 43. R2d7+ Kf6 44. Rf8# {Black checkmated} 1-0

[Event "Team 45 45 League T49"]
[Site "Internet Chess Club"]
[Date "2011.06.14"]
[Round "5"]
[White "justice02"]
[Black "ice-cream"]
[Result "1-0"]
[WhiteElo "1820"]
[BlackElo "1801"]
[Opening "QGD semi-Slav: 5.e3"]
[ECO "D45"]
[Time "21:00:59"]
[TimeControl "2700+45"]

1. Nf3 Nf6 2. c4 e6 3. Nc3 d5 4. d4 c6 5. e3 Bb4 6. Bd2 Nbd7 7. Bd3 c5 8. O-O
O-O 9. Rc1 Nb6 10. cxd5 exd5 11. dxc5 Bxc5 12. Nb5 Be7 13. Ba5 Bg4 14. Nc7 Rc8
15. Bxb6 axb6 16. Nb5 Rxc1 17. Qxc1 Bxf3 18. gxf3 Qd7 19. Kh1 Rc8 20. Qd2 Qh3
21. Qe2 Rc5 22. Rg1 Nd7 23. f4 Bh4 24. Nd4 Bf6 25. Bf5 Qh6 26. Bxd7 Rc7 27. Bf5
Re7 28. Qf3 Bxd4 29. Qxd5 Qc6 30. Qxc6 bxc6 31. exd4 g6 32. Bd3 Rd7 33. Be4 Rxd4
34. Bxc6 Rxf4 35. f3 Rc4 36. Be4 Kf8 37. b3 Rd4 38. Rc1 f5 39. Bb7 Rd2 40. Rc8+
Kg7 41. Ra8 Kf6 42. a4 Rd3 43. b4 Rb3 44. b5 h5 45. Ra6 h4 46. Rxb6+ Kg5 47. a5
h3 48. Kg1 f4 49. Be4 Ra3 50. Rxg6+ Kh5 51. a6 Ra1+ 52. Kf2 Ra2+ 53. Ke1 Rxh2
54. Rg8 Rh1+ 55. Kf2 h2 56. Kg2 Rg1+ 57. Kxh2 Rxg8 58. a7 Kg5 59. a8=Q Rxa8 60.
Bxa8 Kf5 61. b6 Ke6 62. b7 Kd7 63. b8=Q Ke6 64. Qxf4 Ke7 65. Qe5+ Kd7 66. f4 Kc8
67. f5 Kd7 68. f6 Kd8 69. f7 {Black resigns} 1-0

[Event "Team 45 45 League T49"]
[Site "Internet Chess Club"]
[Date "2011.06.16"]
[Round "5"]
[White "j316chuck"]
[Black "ScotchYeti"]
[Result "1-0"]
[WhiteElo "1679"]
[BlackElo "1681"]
[Opening "Sicilian: Kan, 5.Nc3"]
[ECO "B43"]
[Time "16:04:05"]
[TimeControl "2700+45"]

1. e4 c5 2. Nf3 e6 3. d4 cxd4 4. Nxd4 a6 5. Nc3 Qc7 6. a3 Nf6 7. Be3 b5 8. f3
Bb7 9. Be2 Be7 10. Qd2 Nc6 11. O-O O-O 12. Rad1 Rfd8 13. Bd3 Ne5 14. Bf4 d5 15.
Nb3 dxe4 16. Nxe4 Nxe4 17. fxe4 Bf6 18. Qe3 Qe7 19. Be2 Rac8 20. c3 Nc4 21. Bxc4
Rxc4 22. e5 Bxe5 23. Qxe5 f6 24. Rxd8+ Qxd8 25. Qxe6+ Kh8 26. Re1 Rc8 27. Qe7
Qb6+ 28. Nd4 Bd5 29. Qd7 Qb7 30. Qxb7 Bxb7 31. Re7 Bd5 32. Ra7 Bc4 33. Rxa6 b4
34. Rc6 Rxc6 35. Nxc6 bxc3 36. bxc3 Kg8 37. Kf2 Kf7 38. g3 g5 39. Bc7 Ke6 40.
Nd4+ Kf7 41. Ke3 Kg6 42. a4 f5 43. a5 h6 44. Nc6 Bb5 45. Nb4 {Black resigns} 1-0

[Event "Team 45 45 League T49"]
[Site "Internet Chess Club"]
[Date "2011.06.13"]
[Round "5"]
[White "cepheid"]
[Black "chess-fan"]
[Result "1-0"]
[WhiteElo "1627"]
[BlackElo "1536"]
[Opening "Scotch gambit"]
[ECO "C44"]
[Time "23:30:56"]
[TimeControl "2700+45"]

1. e4 e5 2. Nf3 Nc6 3. d4 exd4 4. Bc4 Bc5 5. c3 Qe7 6. O-O Nf6 7. cxd4 Bb6 8. e5
Qb4 9. Bxf7+ Kxf7 10. exf6 gxf6 11. Nh4 Bxd4 12. Qh5+ Kf8 13. Ng6+ Kg8 14. Nxh8
Kg7 15. Bh6+ Kxh8 16. Qe8+ Qf8 17. Qxf8# {Black checkmated} 1-0

[Event "Team 45 45 League T49"]
[Site "Internet Chess Club"]
[Date "2011.06.10"]
[Round "5"]
[White "bobhill"]
[Black "pestka"]
[Result "0-1"]
[WhiteElo "1943"]
[BlackElo "2364"]
[Opening "Queen's bishop game"]
[ECO "D02"]
[Time "23:06:34"]
[TimeControl "2700+45"]

1. d4 d5 2. Nf3 Nf6 3. Bf4 c5 4. c3 Nc6 5. e3 Qb6 6. Qb3 c4 7. Qc2 Bf5 8. Qc1
Nh5 9. Bg3 f6 10. Nbd2 e5 11. Be2 O-O-O 12. O-O Bd6 13. Nxe5 Nxe5 14. Bxe5 fxe5
15. Bxh5 exd4 16. cxd4 Bxh2+ 17. Kxh2 Qh6 18. Kg1 Qxh5 19. b3 Bd3 20. Re1 Rd6
21. Qd1 Qxd1 22. Raxd1 b5 23. Rc1 Kb7 24. Nf3 Ra6 25. Ne5 Rxa2 26. Nxd3 cxd3 27.
Red1 d2 28. Rc5 Rc8 29. Rxb5+ Ka6 30. Rc5 Rxc5 31. dxc5 Kb5 32. b4 Kxb4 33. c6
Rc2 34. Kf1 Rxc6 35. Rxd2 a5 36. Rb2+ Kc3 37. Rb1 Rc4 38. Ke2 a4 39. Rb5 a3 40.
Ra5 Kb3 41. Kd3 a2 42. Rxa2 Kxa2 43. f3 Kb3 44. e4 dxe4+ 45. fxe4 Kb4 46. Ke3
Kc5 47. Kf4 Kd6 48. g4 Ke6 49. g5 g6 {White resigns} 0-1

[Event "Team 45 45 League T49"]
[Site "Internet Chess Club"]
[Date "2011.06.14"]
[Round "5"]
[White "eurander"]
[Black "Beddathanme"]
[Result "1-0"]
[WhiteElo "2125"]
[BlackElo "1806"]
[Opening "French: Tarrasch, closed variation, main line"]
[ECO "C06"]
[Time "09:08:27"]
[TimeControl "2700+45"]

1. e4 e6 2. d4 d5 3. Nd2 Nf6 4. e5 Nfd7 5. Bd3 c5 6. c3 Nc6 7. Ne2 cxd4 8. cxd4
f6 9. exf6 Qxf6 10. Nf3 h6 11. O-O Bd6 12. Ng3 O-O 13. Bc2 e5 14. dxe5 Ndxe5 15.
Qxd5+ Kh8 16. Nxe5 Nxe5 17. Qe4 g6 18. Bxh6 Rf7 19. Rad1 Bf5 20. Qe2 Bxc2 21.
Qxc2 Ng4 22. Bg5 Qxg5 23. Rxd6 Raf8 24. Qxg6 Qf4 25. Rd5 Rg7 26. Qxg7+ Kxg7 27.
Nh5+ {Black resigns} 1-0

[Event "Team 45 45 League T49"]
[Site "Internet Chess Club"]
[Date "2011.06.12"]
[Round "5"]
[White "Beetlejuice"]
[Black "MarkNY"]
[Result "1-0"]
[WhiteElo "1843"]
[BlackElo "1658"]
[Opening "Neo-Grünfeld, 5.cd"]
[ECO "D71"]
[Time "16:11:52"]
[TimeControl "2700+45"]

1. d4 Nf6 2. c4 g6 3. g3 Bg7 4. Bg2 d5 5. cxd5 Nxd5 6. Nf3 Bg4 7. O-O O-O 8. e4
Nf6 9. Nc3 Qc8 10. Qb3 Rd8 11. Be3 Nc6 12. d5 Na5 13. Qa4 b6 14. Rfe1 c5 15.
Rac1 Bd7 16. Qc2 Nc4 17. Bg5 h6 18. e5 hxg5 19. exf6 Bxf6 20. Ne4 g4 21. Nxf6+
exf6 22. Qxc4 gxf3 23. Bxf3 Kg7 24. h4 Bf5 25. Re3 Rd6 26. Rce1 Qf8 27. Qf4 Rad8
28. Re7 a5 29. R7e2 Bc8 30. Re8 Rxe8 31. Rxe8 Qxe8 32. Qxd6 Qb5 33. Qc7 Ba6 34.
Bg2 Qxb2 35. d6 c4 36. Bd5 c3 37. Qxf7+ Kh6 38. Qf8+ Kh5 39. Bf3# {Black
checkmated} 1-0

[Event "Team 45 45 League T49"]
[Site "Internet Chess Club"]
[Date "2011.06.10"]
[Round "5"]
[White "tourettes"]
[Black "room-matt"]
[Result "0-1"]
[WhiteElo "1479"]
[BlackElo "1688"]
[Opening "Ruy Lopez: Berlin defense, Beverwijk variation"]
[ECO "C64"]
[Time "15:07:08"]
[TimeControl "2700+45"]

1. e4 e5 2. Nf3 Nc6 3. Bb5 Bc5 4. O-O Nf6 5. Nc3 Nd4 6. Nxd4 Bxd4 7. d3 c6 8.
Bc4 O-O 9. a4 d5 10. exd5 cxd5 11. Bb3 b6 12. Bg5 Bxc3 13. bxc3 Bb7 14. Qf3 e4
15. Qf4 Rc8 16. Qd2 Re8 17. Be3 Qd6 18. h3 h6 19. f3 exf3 20. Rxf3 d4 21. Bf4
Qd7 22. Bxh6 Bxf3 23. Qg5 Nh5 24. g4 Qe7 25. Qxh5 Qf6 26. g5 Bxh5 27. gxf6 gxh6
28. cxd4 Re2 29. Rf1 Rd8 30. Rf5 Bg6 31. Rb5 Rxd4 32. a5 Rd6 33. axb6 axb6 34.
h4 Rxf6 35. h5 Bf5 36. Rd5 Bg4 37. Rd8+ Kg7 {White resigns} 0-1

[Event "Team 45 45 League T49"]
[Site "Internet Chess Club"]
[Date "2011.06.11"]
[Round "5"]
[White "Chatica"]
[Black "Stryker672"]
[Result "1-0"]
[WhiteElo "2168"]
[BlackElo "1949"]
[Opening "Scotch: Göring gambit"]
[ECO "C21"]
[Time "23:03:45"]
[TimeControl "2700+45"]

1. e4 e5 2. d4 exd4 3. c3 dxc3 4. Nxc3 Nc6 5. Nf3 Bb4 6. Bc4 d6 7. O-O Bxc3 8.
bxc3 Nf6 9. e5 Nxe5 10. Nxe5 dxe5 11. Qb3 Qe7 12. Ba3 c5 13. Bb5+ Kf8 14. f4 e4
15. f5 b6 16. Bc6 Rb8 17. Qa4 a6 18. Rae1 Bb7 19. c4 Qc7 20. Bxb7 Qxb7 21. Rb1
Qc8 22. Bc1 Qb7 23. Be3 Rc8 24. Rfd1 Ke7 25. Qa5 Nd7 26. Bf4 Rhd8 27. Bd6+ Ke8
28. Qe1 Nf6 29. Qg3 Rxd6 30. Rxd6 b5 31. Qxg7 Nd7 32. Rbd1 Nf8 33. f6 Qc7 34.
R1d5 {Black resigns} 1-0

[Event "Team 45 45 League T49"]
[Site "Internet Chess Club"]
[Date "2011.06.10"]
[Round "5"]
[White "PandorasBox"]
[Black "Gregorio"]
[Result "1-0"]
[WhiteElo "1970"]
[BlackElo "1984"]
[Opening "English: Neo-Catalan declined"]
[ECO "A14"]
[Time "18:37:36"]
[TimeControl "2700+45"]

1. c4 e6 2. g3 Nf6 3. Bg2 d5 4. Nf3 Be7 5. O-O O-O 6. Qc2 Nbd7 7. b3 c5 8. d4
dxc4 9. bxc4 cxd4 10. Nxd4 Nc5 11. Rd1 Bd7 12. Nc3 a6 13. Ba3 Qc7 14. Rab1 Rab8
15. Rb2 Rfd8 16. Rdb1 b6 17. e3 Be8 18. Qe2 Bf8 19. Bxc5 Bxc5 20. Nb3 Bb4 21.
Ne4 Nxe4 22. Bxe4 Qe5 23. Qf3 Rd6 24. h4 a5 25. Nd4 f5 26. Bc6 Qc5 27. Bxe8 Rxe8
28. Rc2 g6 29. Nb5 Rd7 30. Rd1 Red8 31. Rxd7 Rxd7 32. Nd4 Qd6 33. Kg2 e5 34. Nb3
a4 35. Nc1 e4 36. Qf4 Qd1 37. Qe5 Kf7 38. Ne2 Qxc2 39. Nf4 Qxc4 40. Qh8 Qc3 41.
Qa8 Qe5 42. Qxa4 Bc5 43. Qxd7+ Qe7 44. Qd5+ Kf6 45. Qg8 Qd7 46. Qh8+ Qg7 47.
Qd8+ Kf7 48. Qd5+ Ke8 49. Qa8+ Kf7 50. Qb7+ Kg8 51. Qc8+ Qf8 52. Qe6+ Qf7 53.
Qc8+ Qf8 54. Qd7 Qf7 55. Qc6 Kg7 56. Ne6+ Kh6 57. a4 Qf6 58. Qd5 Qc3 59. Qd8
Bxe3 60. fxe3 Qxe3 61. Qg5+ Qxg5 62. Nxg5 Kg7 63. Kf2 h6 64. Ne6+ Kf6 65. Nf4 g5
66. Nd5+ Ke5 67. hxg5 hxg5 68. Nxb6 Kd4 69. a5 f4 70. gxf4 gxf4 71. a6 e3+ 72.
Kf3 {Black resigns} 1-0

[Event "Team 45 45 League T49"]
[Site "Internet Chess Club"]
[Date "2011.06.11"]
[Round "5"]
[White "alexping"]
[Black "Deckfuel"]
[Result "0-1"]
[WhiteElo "1893"]
[BlackElo "1911"]
[Opening "QGD semi-Slav: Botvinnik system (anti-Meran)"]
[ECO "D44"]
[Time "12:31:46"]
[TimeControl "2700+45"]

1. d4 Nf6 2. c4 e6 3. Nf3 d5 4. Nc3 c6 5. Bg5 dxc4 6. e4 b5 7. g3 h6 8. Bxf6
Qxf6 9. Bg2 Nd7 10. O-O Bb7 11. a3 Be7 12. e5 Qf5 13. Ne1 O-O-O 14. Be4 Qh3 15.
Bg2 Qf5 16. Be4 Qh3 17. Qf3 Kc7 18. Nxb5+ Kb6 19. Nc3 f5 20. Qg2 Qh5 21. Bf3 Qf7
22. Na4+ Kc7 23. Rc1 g5 24. Rxc4 Nb8 25. g4 h5 26. gxf5 g4 27. Be4 exf5 28. d5
fxe4 29. d6+ Bxd6 30. exd6+ Rxd6 31. Qxe4 Ba6 32. Rd4 Re8 33. Qf4 Qxf4 34. Rxf4
Bxf1 35. Rf7+ Kd8 36. Nc5 Rd1 {White resigns} 0-1

[Event "Team 45 45 League T49"]
[Site "Internet Chess Club"]
[Date "2011.06.12"]
[Round "5"]
[White "Holzschlange"]
[Black "zbence"]
[Result "0-1"]
[WhiteElo "1836"]
[BlackElo "1835"]
[Opening "English: symmetrical variation"]
[ECO "A34"]
[Time "10:00:20"]
[TimeControl "2700+45"]

1. c4 c5 2. Nc3 Nf6 3. g3 g6 4. Bg2 Bg7 5. d3 O-O 6. e4 Nc6 7. Nge2 d6 8. O-O
Bd7 9. f4 Qc8 10. a3 a6 11. Rb1 Bh3 12. Na4 Bxg2 13. Kxg2 Rb8 14. Nb6 Qd8 15.
Nd5 e6 16. Ne3 b5 17. f5 exf5 18. exf5 d5 19. fxg6 hxg6 20. Nf4 bxc4 21. dxc4 d4
22. Ng4 Nxg4 23. Qxg4 Ne5 24. Qd1 Nxc4 25. Qa4 Na5 26. Bd2 Nb3 27. Rbd1 Nxd2 28.
Rxd2 Qc8 29. Qc4 Qc6+ 30. Kg1 Qb5 31. Rc1 Rfe8 32. a4 Re1+ 33. Kf2 Rxc1 34. Qxc1
Qb3 35. Re2 d3 36. Rd2 c4 {White resigns} 0-1

[Event "Team 45 45 League T49"]
[Site "Internet Chess Club"]
[Date "2011.06.10"]
[Round "5"]
[White "Zyme"]
[Black "Tjet"]
[Result "1/2-1/2"]
[WhiteElo "1406"]
[BlackElo "1491"]
[Opening "Old Indian defense"]
[ECO "A42"]
[Time "19:28:13"]
[TimeControl "2700+45"]

1. d4 d6 2. c4 e5 3. Nf3 exd4 4. Nxd4 Nf6 5. Bg5 Be7 6. Nc3 O-O 7. e3 Ne4 8.
Bxe7 Qxe7 9. Nxe4 Qxe4 10. Qd3 Qxd3 11. Bxd3 Bd7 12. Bf5 Bxf5 13. Nxf5 Nc6 14.
O-O-O g6 15. Nd4 Nxd4 16. exd4 Rfe8 17. Rhe1 Kf8 18. Kd2 Rxe1 19. Rxe1 Re8 20.
Rxe8+ Kxe8 21. Ke3 Ke7 22. d5 h5 23. a4 a5 24. h4 c5 25. dxc6 bxc6 26. Kd4 Ke6
27. f3 Kf5 28. Kc3 c5 29. g3 Ke5 {Game drawn by mutual agreement} 1/2-1/2

[Event "Team 45 45 League T49"]
[Site "Internet Chess Club"]
[Date "2011.06.11"]
[Round "5"]
[White "alaskauk"]
[Black "Esslinger"]
[Result "1/2-1/2"]
[WhiteElo "1478"]
[BlackElo "1426"]
[Opening "Scandinavian (center counter) defense"]
[ECO "B01"]
[Time "10:02:30"]
[TimeControl "2700+45"]

1. e4 d5 2. exd5 Qxd5 3. Nc3 Qd8 4. Nf3 Nf6 5. d4 Bg4 6. Be2 e6 7. a3 Be7 8. O-O
Nbd7 9. Re1 Nb6 10. Ne5 Bxe2 11. Nxe2 O-O 12. c3 c6 13. Qb3 Bd6 14. Ng3 Qc7 15.
Bf4 Nbd7 16. Nxd7 Qxd7 17. Bxd6 Qxd6 18. Re2 Rab8 19. Rae1 Rfe8 20. Qc2 Rbd8 21.
Ne4 Nxe4 22. Rxe4 Qe7 23. g3 c5 24. dxc5 Qxc5 25. Re5 Qe7 26. Qe2 Rd6 27. f4 Qd7
28. Qc2 Rd2 {Game drawn by mutual agreement} 1/2-1/2

[Event "Team 45 45 League T49"]
[Site "Internet Chess Club"]
[Date "2011.06.12"]
[Round "5"]
[White "AlPearson"]
[Black "JohLeb"]
[Result "1-0"]
[WhiteElo "1417"]
[BlackElo "1463"]
[Opening "English opening"]
[ECO "A10"]
[Time "19:01:30"]
[TimeControl "2700+45"]

1. c4 Nc6 2. g3 d6 3. Bg2 Nf6 4. Nc3 Bf5 5. d4 e6 6. e4 Bg6 7. Nge2 Be7 8. O-O
O-O 9. Bg5 Nd7 10. Bxe7 Qxe7 11. d5 Nce5 12. b3 c5 13. f4 Ng4 14. Qd2 f5 15.
dxe6 Qxe6 16. exf5 Qxf5 17. h3 Ngf6 18. g4 Qd3 19. Qxd3 Bxd3 20. Rad1 Bxe2 21.
Nxe2 Rae8 22. Nc3 Re3 23. Nd5 Nxd5 24. Bxd5+ Kh8 25. Kg2 Re2+ 26. Rf2 Rxf2+ 27.
Kxf2 b6 28. f5 g6 29. Be6 Nf6 30. Kf3 gxf5 31. Bxf5 Rd8 32. Be6 Kg7 33. g5 Nd7
34. Kg4 Ne5+ 35. Kh5 Ng6 36. Rf1 Rf8 37. Rxf8 Nxf8 38. Bf5 a6 39. Kg4 b5 40. Kf4
Ng6+ 41. Bxg6 hxg6 42. Ke4 Kf7 43. Kd5 Ke7 44. Kc6 bxc4 45. bxc4 a5 46. a4 Ke6
47. h4 Ke5 48. Kd7 d5 49. cxd5 Kxd5 50. h5 gxh5 51. g6 c4 52. g7 Kd4 53. g8=Q c3
54. Qg3 Kc4 55. Kc6 c2 56. Qe3 h4 57. Kb6 h3 58. Kxa5 h2 59. Qc1 Kc3 60. Kb5
{Black resigns} 1-0

[Event "Team 45 45 League T49"]
[Site "Internet Chess Club"]
[Date "2011.06.10"]
[Round "5"]
[White "otib2006"]
[Black "AtomicDog"]
[Result "0-1"]
[WhiteElo "1333"]
[BlackElo "1463"]
[Opening "Sicilian defense"]
[ECO "B20"]
[Time "08:02:29"]
[TimeControl "2700+45"]

1. e4 c5 2. Bc4 e6 3. Nf3 Nc6 4. O-O g6 5. Nc3 Bg7 6. d3 Nge7 7. Bg5 O-O 8. Rb1
a6 9. Qd2 b5 10. Bb3 f6 11. Bh6 Kh8 12. Bxg7+ Kxg7 13. a4 b4 14. Ne2 a5 15. Qe3
d6 16. Nf4 Kf7 17. Nd2 Nd4 18. Qh3 Rh8 19. Bc4 d5 20. exd5 exd5 21. Qg3 dxc4 22.
Nxc4 Nef5 23. Qh3 Bb7 24. c3 Ne6 25. Nxe6 Kxe6 26. g4 Nd6 27. g5+ f5 28. Qe3+
Kf7 29. Qe5 Qxg5+ 30. Qg3 Qxg3+ 31. fxg3 Nxc4 32. dxc4 Be4 33. Rbd1 Rad8 34.
cxb4 cxb4 35. c5 Rd3 36. c6 Rxd1 37. Rxd1 Bxc6 38. Rd6 Bxa4 39. Ra6 Re8 40. Rxa5
Re1+ 41. Kf2 Ra1 42. b3 Ra2+ 43. Ke3 Bxb3 44. Rb5 Bd1 45. Rxb4 Rxh2 46. Kf4 Rh5
47. Rb7+ Ke6 48. Rb8 Kf6 49. Rf8+ Kg7 50. Rd8 Bc2 51. Rc8 Be4 52. Rc7+ Kh6 53.
Re7 Rh2 54. Ke5 Rg2 55. Kf4 Rf2+ 56. Ke5 Bh1 57. Rf7 Re2+ 58. Kf4 Re4# {White
checkmated} 0-1

[Event "Team 45 45 League T49"]
[Site "Internet Chess Club"]
[Date "2011.06.09"]
[Round "5"]
[White "ausya"]
[Black "makramkozman"]
[Result "0-1"]
[WhiteElo "1401"]
[BlackElo "1577"]
[Opening "Caro-Kann: classical variation"]
[ECO "B18"]
[Time "16:00:38"]
[TimeControl "2700+45"]

1. e4 c6 2. d4 d5 3. Nc3 dxe4 4. Nxe4 Bf5 5. Nc3 Nf6 6. Nf3 Bg6 7. Bc4 e6 8. Bf4
Be7 9. O-O Nbd7 10. Re1 Qb6 11. Bb3 O-O-O 12. Na4 Qa5 13. Bd2 Qh5 14. Qe2 Nd5
15. c4 Nc7 16. c5 Nf6 17. Ba5 Rd7 18. Rac1 Ncd5 19. Ne5 Qg5 20. Nxd7 Nf4 21. Qf1
Ne4 22. f3 Nh3+ 23. Kh1 Nef2+ 24. Qxf2 Nxf2+ 25. Kg1 Nd3 26. Rcd1 Nxe1 27. Rxe1
Kxd7 28. Nc3 Bd8 29. Bb4 Bc7 30. Na4 Qh4 31. g3 Qxd4+ {White resigns} 0-1

[Event "Team 45 45 League T49"]
[Site "Internet Chess Club"]
[Date "2011.06.11"]
[Round "5"]
[White "Zugzwanged"]
[Black "lisalin2000"]
[Result "1-0"]
[WhiteElo "1602"]
[BlackElo "1366"]
[Opening "Scotch game"]
[ECO "C45"]
[Time "10:00:32"]
[TimeControl "2700+45"]

1. e4 e5 2. Nf3 Nc6 3. d4 exd4 4. Nxd4 Nxd4 5. Qxd4 Nf6 6. Bg5 Be7 7. Nc3 O-O 8.
O-O-O c5 9. Qd2 h6 10. Bxh6 gxh6 11. Qxh6 Nh7 12. h4 Bf6 13. Rd3 Bg7 14. Rg3 Qf6
15. Qe3 Kh8 16. Nd5 Qxb2+ 17. Kd2 Qd4+ 18. Bd3 Qxe3+ 19. Rxe3 d6 20. Rf3 Be6 21.
Nc7 Rac8 22. Nb5 c4 23. Be2 Bg4 24. Ra3 Bxe2 25. Kxe2 Rc6 26. Rxa7 Ra6 27. Rxa6
bxa6 28. Nxd6 c3 29. Rb1 Be5 30. Nc4 Bg7 31. Rb6 Ra8 32. f4 Nf6 33. Kf3 Rc8 34.
Nd6 Rc7 35. Rxa6 Re7 36. a4 Kh7 37. a5 Ne8 38. Nf5 Rd7 39. Nxg7 Kxg7 40. Ra8 Nd6
41. a6 Nb5 42. Ke3 Na3 43. a7 Nxc2+ 44. Kf2 Nb4 45. Rg8+ Kxg8 46. a8=Q+ Kg7 47.
Qa1 Kh7 48. Qxc3 Nd3+ 49. Ke3 Kg6 50. Qc6+ {Black resigns} 1-0

[Event "Team 45 45 League T49"]
[Site "Internet Chess Club"]
[Date "2011.06.15"]
[Round "5"]
[White "cazj"]
[Black "Aquaman"]
[Result "1-0"]
[WhiteElo "1323"]
[BlackElo "1275"]
[Opening "Sicilian: Alapin's variation (2.c3)"]
[ECO "B22"]
[Time "20:00:16"]
[TimeControl "2700+45"]

1. e4 c5 2. c3 g6 3. d4 cxd4 4. cxd4 e6 5. Nc3 Bg7 6. Nf3 Ne7 7. Bd3 O-O 8. e5
a6 9. Bg5 h6 10. Bh4 Re8 11. O-O d6 12. Ne4 dxe5 13. dxe5 Kh8 14. Nd6 Rf8 15.
Nxc8 Qxc8 16. Bxe7 Re8 17. Rc1 Nc6 18. Bf6 Qb8 19. Qd2 Kh7 20. Rfe1 Bf8 21. Rc4
Ne7 22. Rh4 h5 23. Rxh5+ Kg8 24. Rh8# {Black checkmated} 1-0

[Event "Team 45 45 League T49"]
[Site "Internet Chess Club"]
[Date "2011.06.10"]
[Round "5"]
[White "Traho"]
[Black "Goldenberg"]
[Result "1-0"]
[WhiteElo "1178"]
[BlackElo "1156"]
[Opening "Sicilian: Smith-Morra gambit"]
[ECO "B21"]
[Time "09:30:13"]
[TimeControl "2700+45"]

1. e4 c5 2. d4 cxd4 3. c3 dxc3 4. Nxc3 g6 5. b3 Bg7 6. Bb2 Qa5 7. Rc1 Nc6 8. Nf3
Bxc3+ 9. Bxc3 Qc7 10. Bxh8 Qa5+ 11. Bc3 Qb6 12. Be2 d6 13. O-O Bg4 14. h3 Be6
15. Ng5 h6 16. Nxe6 fxe6 17. Kh1 O-O-O 18. Bg4 Kc7 19. Bxe6 Nf6 20. f3 Nh5 21.
Qe1 Nf4 22. Qd2 Nxe6 23. Ba5 Qxa5 24. Qxa5+ b6 25. Qc3 Nd4 26. Rfd1 e5 27. Rxd4
exd4 28. Qxc6+ Kb8 29. Qc7+ Ka8 30. Qxd8+ Kb7 31. Qc8# {Black checkmated} 1-0